Map: Odyssey LE

Players

Botvinnik - Winner!

  • Race: Terran Terran
  • Spawn Location: 5:00

NightEnD

  • Race: Protoss Protoss
  • Spawn Location: 11:00

Event: WCS Valencia 2017

VOD

Have the link to the VOD?

Description

Time

  • Played on: July 13, 2017, 10:25 a.m.
  • Length: 9:46

All games in this series

Show
View Real Time Build Order
Export as new Build Order

Botvinnik Terran - Winner!

Build Orders: MMM Bio 

Get SALT Encoding   

  12  0:00  SCV  
  13  0:13  SCV  
  14  0:17  Supply Depot  
  14  0:25  SCV  
  15  0:38  SCV  
  15  0:40  Barracks  
  16  0:45  Refinery  
  16  0:50  SCV  
  17  1:03  SCV  
  18  1:15  SCV  
  19  1:29  Marine  
  19  1:30  Orbital Command  
  20  1:40  Command Center  
  20  1:55  SCV  
  20  1:58  Factory  
  21  2:05  Barracks Reactor  
  21  2:07  SCV  
  22  2:10  Supply Depot  
  22  2:16  Refinery  
  22  2:20  SCV  
  23  2:33  SCV  
  24  2:41  Marine  
  24  2:42  Marine, Starport  
  26  2:44  Widow Mine  
  26  2:46  SCV  
  29  2:53  Orbital Command  
  29  2:59  SCV, Marine x2  
  32  3:11  SCV  
  33  3:13  Widow Mine  
  33  3:19  SCV, Marine  
  36  3:20  Marine  
  36  3:24  Medivac  
  36  3:26  SCV, Supply Depot  
  41  3:31  SCV  
  42  3:38  Marine x2, SCV  
  45  3:43  SCV  
  46  3:50  SCV  
  46  3:51  Factory Tech Lab  
  46  3:53  Barracks x2  
  46  3:55  SCV  
  48  3:56  Starport Tech Lab  
  48  3:57  Marine x2  
  48  4:02  Supply Depot  
  50  4:03  SCV  
  50  4:07  SCV  
  52  4:15  Raven  
  54  4:19  Factory Reactor  
  54  4:23  Marine x2, SCV  
  57  4:25  Supply Depot  
  57  4:29  Engineering Bay  
  57  4:30  SCV  
  58  4:35  SCV  
  59  4:41  Marine x2, Refinery  
  59  4:42  SCV  
  62  4:48  SCV  
  65  4:52  Marauder  
  65  4:53  Stimpack  
  65  4:54  SCV  
  65  4:57  Terran Infantry Weapons Level 1  
  66  5:00  SCV  
  66  5:06  Factory Reactor  
  67  5:07  SCV  
  67  5:09  Refinery  
  67  5:13  Marine x2  
  70  5:18  Supply Depot  
  70  5:19  Combat Shields, Supply Depot  
  70  5:20  Marauder x2  
  74  5:23  SCV x2  
  76  5:31  Marine  
  76  5:32  Marine  
  78  5:39  Medivac  
  78  5:40  Supply Depot  
  78  5:41  Marauder x2, Supply Depot  
  84  5:43  Widow Mine x2  
  90  5:51  Marine x2  
  90  6:03  Marauder x2  
  90  6:11  Widow Mine  
  90  6:12  Widow Mine, Command Center  
  90  6:15  Medivac x2  
  90  6:16  Marine x2  
  100  6:26  Barracks  
  100  6:27  Marauder, Barracks  
  100  6:29  Marauder  
  104  6:38  Marine x2  
  106  6:43  Supply Depot  
  106  6:48  Marauder  
  106  6:50  Marauder  
  94  7:05  Marine x2  
  96  7:09  Marauder, SCV x2  
  96  7:11  Terran Infantry Armor Level 1  
  96  7:12  Marauder  
  102  7:22  Liberator x2  
  99  7:25  Marine x2  
  99  7:26  Barracks Tech Lab  
  99  7:27  Barracks Tech Lab  
  101  7:31  Marauder, Orbital Command, SCV x2  
  101  7:33  Marauder  
  101  7:35  Missile Turret  
  106  7:43  Marine x2  
  113  7:51  Marauder  
  111  7:52  Marauder  
  111  8:00  Factory Reactor  
  111  8:03  Marauder, Marine x2  
  111  8:11  Marine  
  111  8:12  Marauder, Marine  
  112  8:14  Marauder  
  112  8:22  Medivac x2  
  112  8:24  Marauder  
  112  8:26  SCV x2  
  120  8:28  Orbital Command  
  120  8:30  Marine x2  
  120  8:31  Marine x2  
  120  8:33  Marauder  
  125  8:35  Marauder  
  115  8:46  Marauder  
  115  8:48  Marine x3  
  116  8:51  Medivac  
  116  8:52  Medivac  
  116  8:55  Marauder  
  123  9:00  Marauder  
  123  9:02  SCV  
  125  9:06  SCV  
  125  9:07  Marauder  
  128  9:20  Marine  
  128  9:21  Marauder x2, Marine x2  
  133  9:27  Supply Depot  
Show
View Real Time Build Order
Export as new Build Order

NightEnD Protoss 

Build Orders: 1 Gate Expand 

Get SALT Encoding   

  12  0:01  Probe (Chrono Boost)  
  13  0:11  Probe (Chrono Boost)  
  14  0:19  Pylon  
  14  0:22  Probe (Chrono Boost)  
  15  0:37  Probe (Chrono Boost)  
  15  0:38  Gateway  
  16  0:46  Assimilator  
  16  0:48  Probe (Chrono Boost)  
  17  0:58  Probe (Chrono Boost)  
  18  1:09  Probe (Chrono Boost)  
  19  1:19  Probe (Chrono Boost)  
  20  1:26  Nexus  
  20  1:34  Cybernetics Core  
  20  1:37  Probe (Chrono Boost)  
  21  1:45  Assimilator  
  21  1:48  Probe (Chrono Boost)  
  22  1:55  Pylon  
  22  1:59  Probe (Chrono Boost)  
  23  2:13  Mothership Core (Chrono Boost), Adept  
  27  2:20  Warp Gate  
  27  2:31  Probe (Chrono Boost)  
  28  2:39  Probe (Chrono Boost)  
  28  2:42  Probe (Chrono Boost)  
  30  2:46  Adept  
  30  2:49  Probe (Chrono Boost)  
  30  2:50  Robotics Facility  
  33  2:53  Probe (Chrono Boost)  
  34  3:00  Probe (Chrono Boost)  
  34  3:03  Probe (Chrono Boost)  
  36  3:10  Probe (Chrono Boost), Twilight Council  
  36  3:12  Pylon  
  37  3:17  Adept  
  39  3:21  Probe x2 (Chrono Boost)  
  41  3:31  Probe (Chrono Boost)  
  42  3:38  Observer (Chrono Boost)  
  42  3:40  Probe  
  42  3:41  Pylon  
  43  3:42  Probe  
  43  3:44  Adept  
  47  3:51  Probe  
  47  3:52  Gateway x2  
  48  3:56  Observer (Chrono Boost)  
  48  4:00  Probe, Resonating Glaives (Chrono Boost)  
  50  4:03  Pylon, Probe  
  51  4:12  Probe  
  51  4:13  Probe  
  53  4:17  Observer  
  54  4:24  Probe x2  
  54  4:26  Adept  
  54  4:29  Nexus  
  58  4:36  Probe x2  
  60  4:48  Probe  
  60  4:49  Observer  
  60  4:50  Adept  
  60  4:51  Adept x2  
  68  4:54  Probe  
  69  5:01  Probe  
  69  5:03  Pylon  
  69  5:04  Forge  
  70  5:13  Probe  
  70  5:21  Probe, Gateway  
  71  5:22  Gateway, Adept x2  
  71  5:23  Adept  
  71  5:24  Probe  
  78  5:28  Protoss Ground Weapons Level 1 (Chrono Boost)  
  78  5:36  Gateway  
  78  5:37  Gateway  
  78  5:41  Probe x2  
  80  5:43  Adept x3  
  80  5:44  Probe  
  87  5:51  Photon Cannon  
  87  5:53  Probe x2, Pylon  
  89  5:58  Pylon  
  87  6:06  Adept x3  
  93  6:11  Probe, Warp Prism (Chrono Boost)  
  93  6:15  Blink  
  93  6:16  Probe  
  93  6:18  Probe, Assimilator  
  98  6:20  Assimilator  
  98  6:27  Probe x2  
  98  6:28  Adept x3  
  106  6:33  Pylon  
  106  6:34  Pylon  
  106  6:40  Adept  
  108  6:47  Pylon  
  108  6:49  Pylon  
  108  6:52  Pylon  
  102  6:59  Adept x5  
  90  7:06  Immortal (Chrono Boost)  
  90  7:07  Adept  
  83  7:10  Pylon  
  83  7:19  Adept x2  
  83  7:20  Adept  
  83  7:22  Adept  
  81  7:26  Adept x5  
  82  7:31  Adept  
  81  7:41  Nexus  
  81  7:46  Adept x3  
  81  7:47  Adept x2  
  89  7:51  Immortal (Chrono Boost)  
  87  8:08  Adept x2  
  87  8:09  Adept  
  87  8:11  Mothership Core  
  87  8:14  Adept x2  
  87  8:15  Adept  
  87  8:19  Pylon  
  91  8:24  Pylon  
  93  8:32  Adept x2  
  93  8:40  Adept x2  
  89  8:45  Adept x2  
  89  8:47  Immortal (Chrono Boost)  
  85  9:04  Stalker  
  85  9:05  Stalker x2  
  85  9:09  Stalker  
  92  9:23  Stalker  
Tags
 
Add a new tag
Caveats
  • Supply blocks, unpowered buildings, or Contaminate may cause inaccurate times.
  • Supply counts are checked every 10 seconds.